[ AOE2 MATCH · #506496437 ]
UnrankedSicilians vs Mongols
Player's team · WIN
Rival team · LOSS
[ REPLAY ANALYSIS · EXTRACTED FROM THE RECORDED GAME ]
Feudal
10:46
Castle
27:06
Imperial
—
| APM avg | 67.1 |
| APM peak | 112 |
| eAPM avg | 33.1 |
| Villagers / military | 79 / 55 |
Focus
⚔️ 38.9% · 🌾 61.1%
Serjeant ×51 · Militia ×2 · Spearman ×2
Feudal
8:26
Castle
—
Imperial
—
| APM avg | 58.6 |
| APM peak | 92 |
| eAPM avg | 28.2 |
| Villagers / military | 50 / 0 |
Focus
⚔️ 42.5% · 🌾 57.5%
Match map
Initial resources + every placement click. Lines = walls · curves = elevation contours. ◆ gold · ⬟ stone · ● berries · ✦ relic · ◌ wall gap
Your base· Open — unwalled flank
Naughty Possum's base· Open — unwalled flank
Smoothed initial terrain · ◌ = detected wall gap · hover for details
Inputs per minute
— Im_16Years_Old_IamCaPte - - Naughty Possum
Build order — Im_16Years_Old_IamCaPte
First 150 of 219 actions detected
| 0:00 | Queue | Villager (Male) |
| 0:00 | Queue | Villager (Male) |
| 0:01 | Queue | Villager (Male) |
| 0:01 | Build | House |
| 0:02 | Build | House |
| 0:14 | Queue | Villager (Male) |
| 0:14 | Queue | Villager (Male) |
| 0:14 | Queue | Villager (Male) |
| 1:32 | Queue | Villager (Male) |
| 1:58 | Queue | Villager (Male) |
| 2:00 | Build | Lumber Camp |
| 2:40 | Queue | Villager (Male) |
| 2:40 | Queue | Villager (Male) |
| 2:40 | Queue | Villager (Male) |
| 2:41 | Queue | Villager (Male) |
| 2:41 | Queue | Villager (Male) |
| 3:09 | Queue | Villager (Male) |
| 3:09 | Queue | Villager (Male) |
| 3:09 | Queue | Villager (Male) |
| 3:33 | Queue | Villager (Male) |
| 3:33 | Queue | Villager (Male) |
| 3:54 | Build | House |
| 4:02 | Queue | Villager (Male) |
| 4:36 | Queue | Villager (Male) |
| 4:49 | Queue | Villager (Male) |
| 4:49 | Queue | Villager (Male) |
| 4:56 | Queue | Villager (Male) |
| 4:56 | Queue | Villager (Male) |
| 4:57 | Queue | Villager (Male) |
| 5:24 | Build | Mill |
| 5:26 | Queue | Villager (Male) |
| 5:27 | Queue | Villager (Male) |
| 5:27 | Queue | Villager (Male) |
| 5:38 | Queue | Villager (Male) |
| 5:38 | Queue | Villager (Male) |
| 5:41 | Build | House |
| 5:45 | Queue | Villager (Male) |
| 5:51 | Build | House |
| 6:28 | Queue | Villager (Male) |
| 6:28 | Queue | Villager (Male) |
| 6:28 | Queue | Villager (Male) |
| 6:28 | Queue | Villager (Male) |
| 6:38 | Build | House |
| 6:45 | Queue | Villager (Male) |
| 7:17 | Queue | Villager (Male) |
| 7:41 | Research | Loom |
| 7:51 | Build | Mining Camp |
| 8:03 | Build | Donjon |
| 8:36 | Research | Feudal Age |
| 8:36 | Research | Feudal Age |
| 8:37 | Research | Feudal Age |
| 9:02 | Build | Lumber Camp |
| 9:06 | Build | House |
| 9:10 | Build | Palisade Wall |
| 9:16 | Build | Palisade Wall |
| 10:21 | Build | Mining Camp |
| 10:28 | Queue | Villager (Male) |
| 10:46 | Age | Feudal Age |
| 10:49 | Queue | Villager (Male) |
| 10:49 | Queue | Villager (Male) |
| 10:55 | Queue | Serjeant |
| 10:56 | Queue | Serjeant |
| 10:56 | Queue | Serjeant |
| 10:56 | Queue | Serjeant |
| 11:27 | Build | Palisade Gate |
| 11:47 | Queue | Serjeant |
| 12:11 | Build | Farm |
| 12:12 | Build | Farm |
| 12:25 | Build | Farm |
| 12:30 | Queue | Villager (Male) |
| 12:33 | Build | Farm |
| 12:58 | Build | House |
| 13:10 | Queue | Villager (Male) |
| 13:11 | Queue | Villager (Male) |
| 13:11 | Queue | Villager (Male) |
| 13:11 | Queue | Villager (Male) |
| 13:13 | Build | Farm |
| 13:24 | Build | Donjon |
| 13:47 | Queue | Villager (Male) |
| 13:50 | Build | Farm |
| 13:52 | Queue | Villager (Male) |
| 14:34 | Queue | Serjeant |
| 14:37 | Build | Farm |
| 14:42 | Queue | Serjeant |
| 15:06 | Build | Farm |
| 15:07 | Queue | Villager (Male) |
| 15:08 | Queue | Villager (Male) |
| 15:32 | Queue | Spearman |
| 15:38 | Build | Farm |
| 15:50 | Queue | Serjeant |
| 15:50 | Queue | Serjeant |
| 16:23 | Queue | Spearman |
| 16:31 | Queue | Serjeant |
| 16:32 | Queue | Serjeant |
| 16:32 | Queue | Serjeant |
| 16:32 | Queue | Serjeant |
| 16:43 | Build | Farm |
| 16:44 | Build | Farm |
| 16:59 | Build | Donjon |
| 17:01 | Queue | Villager (Male) |
| 17:01 | Queue | Villager (Male) |
| 17:01 | Queue | Villager (Male) |
| 17:01 | Queue | Villager (Male) |
| 17:04 | Build | Farm |
| 17:16 | Queue | Villager (Male) |
| 17:16 | Queue | Villager (Male) |
| 17:58 | Queue | Villager (Male) |
| 17:58 | Queue | Villager (Male) |
| 17:59 | Queue | Villager (Male) |
| 17:59 | Build | Farm |
| 18:19 | Queue | Serjeant |
| 18:19 | Queue | Serjeant |
| 18:26 | Build | Donjon |
| 18:31 | Queue | Serjeant |
| 18:34 | Queue | Villager (Male) |
| 18:35 | Queue | Villager (Male) |
| 18:47 | Build | Lumber Camp |
| 19:12 | Queue | Villager (Male) |
| 19:14 | Build | Farm |
| 19:37 | Queue | Villager (Male) |
| 20:00 | Queue | Villager (Male) |
| 20:01 | Queue | Villager (Male) |
| 20:11 | Build | Donjon |
| 20:37 | Queue | Villager (Male) |
| 20:38 | Queue | Villager (Male) |
| 20:40 | Research | Town Watch |
| 20:44 | Queue | Serjeant |
| 20:44 | Queue | Serjeant |
| 20:51 | Build | House |
| 20:51 | Build | House |
| 21:21 | Queue | Villager (Male) |
| 21:21 | Queue | Villager (Male) |
| 21:28 | Queue | Villager (Male) |
| 21:29 | Build | Farm |
| 21:33 | Build | Farm |
| 21:33 | Build | Farm |
| 21:33 | Build | Farm |
| 21:36 | Build | Farm |
| 21:37 | Build | Farm |
| 21:38 | Build | Farm |
| 21:41 | Build | Farm |
| 21:41 | Build | Farm |
| 21:52 | Queue | Serjeant |
| 22:03 | Queue | Villager (Male) |
| 22:11 | Queue | Villager (Male) |
| 22:23 | Build | Blacksmith |
| 22:37 | Queue | Villager (Male) |
| 23:01 | Build | Farm |
| 23:02 | Build | Farm |
| 23:04 | Build | Farm |
Build order — Naughty Possum
146 actions detected in the replay
| 0:00 | Queue | Villager (Male) |
| 0:01 | Queue | Villager (Male) |
| 0:02 | Build | House |
| 0:04 | Build | House |
| 0:10 | Queue | Villager (Male) |
| 0:19 | Queue | Villager (Male) |
| 1:28 | Queue | Villager (Male) |
| 1:58 | Queue | Villager (Male) |
| 2:07 | Build | Lumber Camp |
| 2:38 | Queue | Villager (Male) |
| 3:06 | Queue | Villager (Male) |
| 3:39 | Queue | Villager (Male) |
| 3:40 | Queue | Villager (Male) |
| 4:07 | Build | Mill |
| 4:42 | Research | Loom |
| 4:49 | Queue | Villager (Male) |
| 5:49 | Queue | Villager (Male) |
| 6:16 | Research | Feudal Age |
| 7:14 | Queue | Villager (Male) |
| 7:31 | Build | House |
| 8:02 | Build | Mining Camp |
| 8:07 | Queue | Villager (Male) |
| 8:26 | Age | Feudal Age |
| 8:36 | Build | House |
| 8:41 | Build | Watch Tower |
| 8:43 | Build | House |
| 8:44 | Build | Palisade Wall |
| 9:03 | Queue | Villager (Male) |
| 9:16 | Build | Palisade Wall |
| 9:17 | Build | Palisade Wall |
| 9:17 | Build | Palisade Wall |
| 9:18 | Build | Palisade Wall |
| 9:44 | Build | Palisade Wall |
| 9:55 | Queue | Villager (Male) |
| 10:07 | Build | Palisade Wall |
| 10:15 | Build | Watch Tower |
| 10:19 | Queue | Villager (Male) |
| 10:45 | Queue | Villager (Male) |
| 11:09 | Queue | Villager (Male) |
| 11:38 | Build | Palisade Wall |
| 12:00 | Queue | Villager (Male) |
| 12:00 | Queue | Villager (Male) |
| 12:34 | Build | Palisade Wall |
| 12:35 | Build | Palisade Wall |
| 12:43 | Build | Watch Tower |
| 12:46 | Build | Blacksmith |
| 12:47 | Queue | Villager (Male) |
| 12:56 | Build | Palisade Wall |
| 13:00 | Build | Palisade Wall |
| 13:04 | Build | Palisade Wall |
| 13:04 | Queue | Villager (Male) |
| 13:29 | Queue | Villager (Male) |
| 13:32 | Research | Fletching |
| 13:43 | Build | House |
| 13:47 | Build | House |
| 13:48 | Build | House |
| 13:49 | Build | House |
| 14:21 | Queue | Villager (Male) |
| 14:22 | Queue | Villager (Male) |
| 14:28 | Build | Watch Tower |
| 14:44 | Build | House |
| 14:45 | Build | House |
| 14:48 | Build | Palisade Wall |
| 14:50 | Build | House |
| 14:55 | Build | Palisade Wall |
| 14:59 | Queue | Villager (Male) |
| 15:54 | Build | House |
| 16:00 | Queue | Villager (Male) |
| 16:00 | Queue | Villager (Male) |
| 16:01 | Queue | Villager (Male) |
| 16:14 | Build | Palisade Wall |
| 16:15 | Build | Palisade Wall |
| 16:16 | Build | Palisade Wall |
| 16:19 | Build | Stone Wall |
| 16:36 | Queue | Villager (Male) |
| 17:39 | Build | Watch Tower |
| 18:07 | Build | Watch Tower |
| 18:16 | Build | Lumber Camp |
| 18:18 | Queue | Villager (Male) |
| 18:18 | Queue | Villager (Male) |
| 19:05 | Build | Watch Tower |
| 19:52 | Build | Farm |
| 19:54 | Build | Farm |
| 20:25 | Build | Watch Tower |
| 21:27 | Build | Farm |
| 22:02 | Build | Watch Tower |
| 22:07 | Build | Palisade Wall |
| 22:18 | Build | Farm |
| 22:20 | Build | Farm |
| 22:43 | Build | Watch Tower |
| 22:48 | Build | Farm |
| 22:50 | Queue | Villager (Male) |
| 23:33 | Build | Farm |
| 23:33 | Build | Farm |
| 24:02 | Build | Farm |
| 24:04 | Queue | Villager (Male) |
| 24:05 | Queue | Villager (Male) |
| 24:09 | Build | Palisade Wall |
| 24:13 | Build | House |
| 24:25 | Queue | Villager (Male) |
| 24:39 | Build | Watch Tower |
| 24:43 | Queue | Villager (Male) |
| 24:48 | Build | Farm |
| 24:53 | Build | Farm |
| 25:02 | Build | Farm |
| 25:10 | Queue | Villager (Male) |
| 25:36 | Build | Stone Wall |
| 25:37 | Build | Stone Wall |
| 25:37 | Build | Stone Wall |
| 25:37 | Build | Stone Wall |
| 25:38 | Build | Stone Wall |
| 25:38 | Build | Stone Wall |
| 25:58 | Queue | Villager (Male) |
| 26:13 | Build | Mining Camp |
| 26:14 | Queue | Villager (Male) |
| 26:27 | Build | Farm |
| 26:28 | Queue | Villager (Male) |
| 26:32 | Build | House |
| 26:35 | Build | House |
| 26:44 | Queue | Villager (Male) |
| 26:48 | Research | Double-Bit Axe |
| 26:52 | Research | Horse Collar |
| 26:57 | Build | House |
| 27:34 | Build | Watch Tower |
| 27:49 | Build | Watch Tower |
| 27:51 | Build | Stone Wall |
| 27:52 | Build | Stone Wall |
| 27:53 | Build | Stone Wall |
| 27:56 | Build | Stone Wall |
| 27:59 | Queue | Villager (Male) |
| 28:00 | Queue | Villager (Male) |
| 28:17 | Queue | Villager (Male) |
| 28:22 | Build | Market |
| 28:25 | Queue | Villager (Male) |
| 28:46 | Build | Watch Tower |
| 28:49 | Build | Stone Wall |
| 28:51 | Build | Stone Wall |
| 28:53 | Build | Stone Wall |
| 28:55 | Build | Stone Wall |
| 28:56 | Build | Stone Wall |
| 29:01 | Build | Stone Wall |
| 29:20 | Queue | Villager (Male) |
| 29:34 | Queue | Villager (Male) |
| 30:15 | Queue | Villager (Male) |
| 31:08 | Build | Town Center |
| 31:13 | Build | House |
Match timeline
| 8:03 | Im_16Years_Old_IamCaPte · first_building Donjon |
| 8:26 | Naughty Possum · age_up feudal |
| 8:44 | Naughty Possum · wall_segment Palisade Wall x1 |
| 9:10 | Im_16Years_Old_IamCaPte · wall_segment Palisade Wall x1 |
| 9:16 | Im_16Years_Old_IamCaPte · wall_segment Palisade Wall x11 |
| 9:16 | Naughty Possum · wall_segment Palisade Wall x1 |
| 9:17 | Naughty Possum · wall_segment Palisade Wall x1 |
| 9:17 | Naughty Possum · wall_segment Palisade Wall x2 |
| 9:18 | Naughty Possum · wall_segment Palisade Wall x1 |
| 9:44 | Naughty Possum · wall_segment Palisade Wall x2 |
| 10:07 | Naughty Possum · wall_segment Palisade Wall x1 |
| 10:46 | Im_16Years_Old_IamCaPte · age_up feudal |
| 11:38 | Naughty Possum · wall_segment Palisade Wall x1 |
| 12:34 | Naughty Possum · wall_segment Palisade Wall x1 |
| 12:35 | Naughty Possum · wall_segment Palisade Wall x1 |
| 12:56 | Naughty Possum · wall_segment Palisade Wall x2 |
| 13:00 | Naughty Possum · wall_segment Palisade Wall x7 |
| 13:04 | Naughty Possum · wall_segment Palisade Wall x6 |
| 14:48 | Naughty Possum · wall_segment Palisade Wall x1 |
| 14:55 | Naughty Possum · wall_segment Palisade Wall x1 |
| 16:14 | Naughty Possum · wall_segment Palisade Wall x1 |
| 16:15 | Naughty Possum · wall_segment Palisade Wall x1 |
| 16:16 | Naughty Possum · wall_segment Palisade Wall x1 |
| 16:19 | Naughty Possum · wall_segment Stone Wall x1 |
| 22:07 | Naughty Possum · wall_segment Palisade Wall x9 |
| 24:09 | Naughty Possum · wall_segment Palisade Wall x1 |
| 24:25 | Im_16Years_Old_IamCaPte · first_market_buy 100 food |
| 25:25 | Im_16Years_Old_IamCaPte · first_market_sell 100 food |
| 25:36 | Naughty Possum · wall_segment Stone Wall x1 |
| 25:37 | Naughty Possum · wall_segment Stone Wall x1 |
| 25:37 | Naughty Possum · wall_segment Stone Wall x1 |
| 25:37 | Naughty Possum · wall_segment Stone Wall x1 |
| 25:38 | Naughty Possum · wall_segment Stone Wall x1 |
| 25:38 | Naughty Possum · wall_segment Stone Wall x1 |
| 27:06 | Im_16Years_Old_IamCaPte · age_up castle |
| 27:17 | Im_16Years_Old_IamCaPte · first_building Barracks |
| 27:51 | Naughty Possum · wall_segment Stone Wall x3 |
| 27:52 | Naughty Possum · wall_segment Stone Wall x1 |
| 27:53 | Naughty Possum · wall_segment Stone Wall x1 |
| 27:56 | Naughty Possum · wall_segment Stone Wall x1 |
| 28:49 | Naughty Possum · wall_segment Stone Wall x1 |
| 28:51 | Naughty Possum · wall_segment Stone Wall x1 |
| 28:53 | Naughty Possum · wall_segment Stone Wall x1 |
| 28:55 | Naughty Possum · wall_segment Stone Wall x1 |
| 28:56 | Naughty Possum · wall_segment Stone Wall x1 |
| 29:01 | Naughty Possum · wall_segment Stone Wall x4 |
| 31:23 | Naughty Possum · resign |
[ AI ANALYSIS · 1 CREDIT ]
What really happened in this match?
Wolo.gg analyzes every decision: build order, eco, micro, common mistakes by bracket. Personalized analysis on WhatsApp or Discord in 30 seconds.
Civ guide
Sicilians
Perfil
Jugador #25672067